 Dungeon Crawl Stone Soup version 0.23-a0-183-gf37f6fb (webtiles) character file.

12264 galech the Cleaver (level 11, -9/85 HPs)
             Began as a Demonspawn Fighter on Sept 21, 2018.
             Was a High Priest of Okawaru.
             Mangled by Snorg (10 damage)
             ... on level 12 of the Dungeon.
             The game lasted 00:14:18 (9176 turns).

galech the Cleaver (Demonspawn Fighter)             Turns: 9176, Time: 00:14:19

Health: -9/85      AC: 13    Str: 20    XL:     11   Next: 60%
Magic:  11/11      EV: 12    Int:  9    God:    Okawaru [*****.]
Gold:   546        SH: 11    Dex: 20    Spells: 10/10 levels left

rFire    . . .     SeeInvis .   A - +7 war axe (venom)
rCold    + . .     Gourm    .   c - +0 shield
rNeg     . . .     Faith    .   F - +2 ring mail of Indecent Exposure {Str+3}
rPois    .         Spirit   .   (helmet restricted)
rElec    +         Reflect  .   p - +0 cloak
rCorr    .         Harm     .   (no gloves)
MR       .....                  (no boots)
Stlth    ++........             m - amulet of regeneration
HPRegen  0.64/turn              l - +4 ring of dexterity
MPRegen  0.12/turn              h - ring of protection from cold

@: no status effects
A: horns 2, thin metallic scales 3, demonic guardian 1, powered by death 1
a: Heroism, Finesse, Renounce Religion


You were on level 12 of the Dungeon.
You worshipped Okawaru.
Okawaru was extremely pleased with you.
You were not hungry.

You visited 2 branches of the dungeon, and saw 13 of its levels.

You collected 546 gold pieces.

Inventory:

Hand Weapons
 A - a +7 war axe of venom (weapon)
Armour
 c - a +0 shield (worn)
 p - a +0 cloak (worn)
 F - the +2 ring mail of Indecent Exposure (worn) {Str+3}
   (You found it on level 8 of the Dungeon)

   It affects your strength (+3).
Jewellery
 h - a ring of protection from cold (right hand)
 l - a +4 ring of dexterity (left hand)
 m - an amulet of regeneration (around neck)
 y - a cursed amulet of inaccuracy {unknown}
 C - an uncursed ring of protection from fire
Wands
 u - a wand of flame (22)
Scrolls
 a - 4 scrolls of enchant armour
 i - 5 scrolls of teleportation
 j - 8 scrolls of remove curse
 n - a scroll of magic mapping {unknown}
 q - 2 scrolls of amnesia
 r - a scroll of fog {unknown}
 z - a scroll of immolation
 B - 2 scrolls of random uselessness
 E - a scroll of noise {unknown}
 G - 2 scrolls of identify
 H - 3 scrolls of vulnerability {unknown}
 J - 2 scrolls of blinking {unknown}
Potions
 d - 2 potions of might
 e - a potion of lignification {unknown}
 g - 2 potions of berserk rage {unknown}
 k - a potion of degeneration {unknown}
 o - a potion of cancellation {unknown}
 s - 2 potions of agility {unknown}
 t - 4 potions of heal wounds {unknown}
 v - 3 potions of magic {unknown}
 w - 6 potions of curing {unknown}
 x - 2 potions of mutation {unknown}
 D - 2 potions of haste {unknown}
 I - a potion of flight {unknown}
Comestibles
 b - 4 chunks of flesh
 f - 22 rations


   Skills:
 + Level 7.7 Fighting
 + Level 12.0 Axes
 + Level 6.2 Armour
 + Level 4.1 Dodging
 + Level 2.3 Stealth
 + Level 7.5 Shields


You had 10 spell levels left.
You didn't know any spells.
Your spell library contained the following spells:

 Spells                   Type           Power        Failure   Level  Hunger
 Freeze                   Ice            #...         86%         1    ##.....
 Throw Frost              Conj/Ice       #.....       95%         2    ###....
 Ozocubu's Armour         Chrm/Ice       #.......     99%         3    ####...
 Summon Ice Beast         Ice/Summ       #.......     100%        4    #####..
 Throw Icicle             Conj/Ice       #.......     100%        4    #####..


Dungeon Overview and Level Annotations

Branches:
Dungeon (12/15)            Temple (1/1) D:6            Lair (0/6) D:9
    Orc (0/2) D:12

Altars:
Ashenzari
Cheibriados
Dithmenos
Elyvilon
Fedhas
Gozag
Hepliaklqana
Kikubaaqudgha
Makhleb
Nemelex Xobeh
Okawaru
Qazlal
Ru
Sif Muna
Trog
Uskayaw
Vehumet
Wu Jian
Xom
Yredelemnul
Zin
The Shining One

Annotations:
D:12 Snorg


Innate Abilities, Weirdness & Mutations

You have a pair of horns on your head.
You are completely covered in thin metallic scales. (AC +4, rElec)
A weak demonic guardian rushes to your aid.
You regenerate a little health from kills.


Message History

Your shadow imp hits Snorg.
Your shadow imp gestures at Snorg.
Snorg resists with some effort.
Snorg bites your shadow imp!!
Your shadow imp dies!
Snorg rages.
Snorg bites you.
* * * LOW HITPOINT WARNING * * *
Snorg closely misses you. Snorg barely misses you. You block Snorg's attack.
Snorg claws you!
* * * LOW HITPOINT WARNING * * *
You block Snorg's attack. Snorg closely misses you. Snorg claws you!
* * * LOW HITPOINT WARNING * * *
Snorg claws you.
* * * LOW HITPOINT WARNING * * *
Snorg bites you!
* * * LOW HITPOINT WARNING * * *
Snorg claws you!
You die...

#### ##################
...# #..........@T....#
##.###.##############9#
#........# #.#
.....#.#.# ##.##
##...#.#.# ##.†.##
...>.#.# # ##...9.##
.......# ##.......#
...##..... ..........#
#..# #.###
###.......###


You could see Snorg (berserk) and a gargoyle.

Vanquished Creatures
  2 two-headed ogres
  A deep elf mage (D:10)
  2 ugly things
  An elephant (D:9)
  Joseph (D:7)
  The ghost of Ijustatesigmund the Chopper, a novice OpGl of Okawaru (D:7)
  A merfolk (D:10)
  3 hippogriffs
  Sigmund (D:4)
  8 yaks (D:10)
  2 steam dragons
  A hungry ghost (D:11)
  Edmund (D:6)
  3 wargs (D:12)
  A water moccasin (D:11)
  2 sky beasts
  A black bear (D:8)
  5 ice beasts
  5 orc warriors
  An eye of draining (D:10)
  A phantom (D:5)
  A necrophage (D:6)
  4 ogres
  5 centaurs
  A crocodile (D:9)
  A big kobold (D:11)
  6 bullfrogs
  A wyvern zombie (D:11)
  2 scorpions
  3 wights (D:10)
  6 killer bees
  3 howler monkeys
  8 crimson imps
  2 quasits
  2 centaur zombies (D:9)
  2 jellies
  4 hounds
  2 bullfrog skeletons
  8 orc priests
  23 orc wizards
  3 centaur skeletons
  3 iguanas
  9 worker ants
  2 hound zombies
  A hound skeleton (D:4)
  A worker ant zombie (D:7)
  Robin (D:3)
  7 gnolls
  17 adders
  4 shadow imps
  5 oozes
  An adder skeleton (D:8)
  A worm (D:4)
  A dart slug (D:4)
  A leopard gecko (D:1)
  45 orcs
  A ball python (D:5)
  4 giant cockroaches
  17 goblins
  10 hobgoblins
  2 jackals (D:5)
  7 quokkas
  4 bats
  5 frilled lizards
  A goblin skeleton (D:6)
  2 goblin zombies (D:6)
  A hobgoblin zombie (D:6)
  12 kobolds
  2 kobold skeletons (D:6)
  4 kobold zombies (D:6)
  A leopard gecko zombie (D:7)
  2 orc skeletons (D:6)
  An orc zombie (D:6)
  A quokka skeleton (D:6)
  14 rats
  A spectral orc (D:4)
322 creatures vanquished.

Vanquished Creatures (collateral kills)
  A hippogriff (D:9)
  A basilisk (D:9)
  An ice beast (D:10)
  An ogre (D:10)
  A crimson imp (D:10)
  2 orcs
7 creatures vanquished.

Vanquished Creatures (others)
  An orc (D:4)
1 creature vanquished.

Grand Total: 330 creatures vanquished

Notes
Turn   | Place    | Note
-------+----------+-------------------------------------------
     0 | D:1      | galech the Demonspawn Fighter began the quest for the Orb.
     0 | D:1      | Reached XP level 1. HP: 18/18 MP: 1/1
   223 | D:1      | Gained mutation: You are partially covered in thin metallic
                  | scales. (AC +2) [demonic ancestry]
   223 | D:1      | Reached XP level 2. HP: 20/24 MP: 2/2
   768 | D:2      | Reached skill level 2 in Axes
   855 | D:2      | Gained mutation: You regenerate a little health from kills.
                  | [demonic ancestry]
   855 | D:2      | Reached XP level 3. HP: 23/29 MP: 3/3
   890 | D:2      | Noticed a moth of wrath
   893 | D:2      | Found a bloodstained altar of Trog.
  1058 | D:2      | Found a sacrificial altar of Ru.
  1109 | D:3      | Found a sacrificial altar of Ru.
  1258 | D:3      | Noticed Robin
  1259 | D:3      | Reached XP level 4. HP: 35/35 MP: 4/4
  1276 | D:3      | Killed Robin
  1584 | D:3      | Reached skill level 3 in Axes
  1678 | D:3      | Gained mutation: You are mostly covered in thin metallic
                  | scales. (AC +3) [demonic ancestry]
  1678 | D:3      | Reached XP level 5. HP: 40/41 MP: 5/5
  1757 | D:3      | Found a radiant altar of Vehumet.
  2122 | D:4      | Reached skill level 4 in Axes
  2233 | D:4      | Reached XP level 6. HP: 47/47 MP: 6/6
  2403 | D:4      | Noticed Sigmund
  2424 | D:5      | Entered Level 5 of the Dungeon
  2477 | D:4      | Killed Sigmund
  2477 | D:4      | Reached skill level 5 in Axes
  2477 | D:4      | Reached XP level 7. HP: 47/53 MP: 7/7
  2538 | D:4      | Found a basalt altar of Yredelemnul.
  2854 | D:5      | HP: 1/53 [something (6)]
  3109 | D:5      | Reached skill level 6 in Axes
  3267 | D:5      | Reached skill level 1 in Dodging
  3371 | D:5      | Gained mutation: You are completely covered in thin
                  | metallic scales. (AC +4, rElec) [demonic ancestry]
  3371 | D:5      | Reached XP level 8. HP: 46/60 MP: 8/8
  3750 | D:6      | Found a white marble altar of Elyvilon.
  3795 | D:6      | Found a glowing golden altar of the Shining One.
  3817 | D:6      | Reached skill level 7 in Axes
  4135 | D:6      | Noticed Edmund
  4141 | D:6      | Reached skill level 5 in Shields
  4152 | D:6      | Killed Edmund
  4279 | D:6      | Found a staircase to the Ecumenical Temple.
  4289 | Temple   | Entered the Ecumenical Temple
  4430 | Temple   | Became a worshipper of Warmaster Okawaru
  4492 | D:6      | Reached skill level 8 in Axes
  4496 | D:6      | Gained mutation: You have a pair of small horns on your
                  | head. [demonic ancestry]
  4496 | D:6      | Reached XP level 9. HP: 64/67 MP: 9/9
  4603 | D:7      | Noticed Ijustatesigmund's ghost (novice OpGl)
  4606 | D:7      | Found a runed door.
  4613 | D:7      | Reached skill level 5 in Fighting
  4671 | D:7      | Noticed Joseph
  4679 | D:7      | Killed Joseph
  4695 | D:7      | Reached * piety under Okawaru
  5107 | D:7      | Reached skill level 9 in Axes
  5115 | D:7      | Reached skill level 5 in Armour
  5361 | D:8      | Got a faintly humming ring mail
  5372 | D:8      | Identified the +2 ring mail of Indecent Exposure {Str+3}
                  | (You found it on level 8 of the Dungeon)
  5430 | D:8      | Reached ** piety under Okawaru
  5539 | D:8      | Gained mutation: A weak demonic guardian rushes to your
                  | aid. [demonic ancestry]
  5539 | D:8      | Reached XP level 10. HP: 74/76 MP: 10/10
  5628 | D:8      | You fall through a shaft for 3 floors!
  5657 | D:10     | Entered Level 10 of the Dungeon
  5804 | D:10     | Reached skill level 10 in Axes
  5805 | D:10     | Was placed under penance by Okawaru
  5873 | D:10     | Noticed a deep elf mage
  5880 | D:10     | Killed a deep elf mage
  5994 | D:10     | Was forgiven by Okawaru
  6134 | D:9      | Reached skill level 1 in Stealth
  6528 | D:9      | Found a staircase to the Lair.
  6528 | D:9      | Noticed an elephant
  6538 | D:9      | Killed an elephant
  6540 | D:9      | Reached *** piety under Okawaru
  6540 | D:9      | Reached skill level 11 in Axes
  6559 | D:9      | Found a radiant altar of Vehumet.
  6674 | D:9      | Noticed a two-headed ogre
  6682 | D:9      | Killed a two-headed ogre
  6683 | D:9      | Gained mutation: You have a pair of horns on your head.
                  | [demonic ancestry]
  6683 | D:9      | Reached XP level 11. HP: 52/83 MP: 11/11
  7593 | D:10     | Reached **** piety under Okawaru
  8044 | D:7      | Killed Ijustatesigmund's ghost
  8445 | D:11     | Noticed a two-headed ogre
  8451 | D:11     | Killed a two-headed ogre
  8588 | D:11     | Noticed a cyan ugly thing
  8596 | D:11     | Killed a cyan ugly thing
  8596 | D:11     | Reached ***** piety under Okawaru
  9057 | D:12     | Found a staircase to the Orcish Mines.
  9057 | D:12     | Noticed a green ugly thing
  9072 | D:12     | Killed a green ugly thing
  9072 | D:12     | Reached skill level 12 in Axes
  9149 | D:12     | Noticed Snorg
  9176 | D:12     | HP: 1/85 [Snorg (8)]
  9176 | D:12     | Mangled by Snorg

Vault maps used:
D:1:      erik_arrival_blinker_ship, dk_noncrumbling_4, serial_park_tiny_2
D:2:      tgw_trog, lemuel_round_altar, minivault_14
D:3:      vehumet_crystals, nicolae_ru_awakened_eye, uniq_robin
D:4:      yredelemnul_forgotten_temple_becter, first_ration,
          kennysheep_small_spiral, kennysheep_generic_room_9, uniq_sigmund
D:6:      elyvilon_altar_1, nicolae_tso_besieged_by_evil, temple_hall,
          uniq_edmund
D:7:      hellmonk_ghost_happy_afterlife, uniq_joseph
D:8:      bh_walls_and_bars
D:9:      david_lair_generic, basic_altar
D:10:     hangedman_stone_soup
D:12:     minmay_orc_entry_guard_dogs, uniq_snorg, uniq_frances
Temple:   nicolae_temple_elliptical

Skill      XL: |  1  2  3  4  5  6  7  8  9 10 11 |
---------------+----------------------------------+-----
Armour         | 3 4 5 6 |  6.2
Shields        | 3 4 5 6 7 |  7.5
Axes           | 2 3 4 5 6 8 9 11 12 | 12.0
Fighting       | 4 5 6 7 |  7.7
Dodging        | 1 2 3 4 |  4.1
Stealth        | 2 |  2.3

Action                   |  1- 3 |  4- 6 |  7- 9 | 10-12 || total
-------------------------+-------+-------+-------+-------++-------
Melee: War axe           |   147 |   132 |   345 |   301 ||   925
       Headbutt          |       |       |    23 |    82 ||   105
  Use: Scroll            |       |       |    10 |     1 ||    11
 Stab: Distracted        |       |       |       |     4 ||     4
  Eat: Chunk             |     2 |     3 |    11 |    13 ||    29
Armor: Scale mail        |    81 |    71 |   128 |       ||   280
       Chain mail        |       |       |    73 |       ||    73
       Ring mail         |       |       |    14 |    90 ||   104
Dodge: Dodged            |    40 |    43 |    84 |    98 ||   265
Block: Shield            |    83 |    82 |   172 |   150 ||   487

Table legend:
 A = Non-vault XP
 B = Vault XP
 C = Vault XP percentage of total XP
 D = Non-vault monster count
 E = Vault monster count
 F = Vault count percentage of total count
                 A         B        C        D         E       F
            +---------+---------+-------+---------+---------+-------
      Total |   13881 |    3639 |  20.8 |     281 |      49 |  14.8
            +---------+---------+-------+---------+---------+-------
        D:1 |      26 |       0 |   0.0 |      17 |       0 |   0.0
        D:2 |      52 |       5 |   8.8 |      15 |       5 |  25.0
        D:3 |      94 |      37 |  28.2 |      23 |      13 |  36.1
        D:4 |     281 |     231 |  45.1 |      13 |       3 |  18.8
        D:5 |    1055 |       0 |   0.0 |      38 |       0 |   0.0
        D:6 |     822 |     221 |  21.2 |      18 |      15 |  45.5
        D:7 |    1205 |     813 |  40.3 |      21 |       2 |   8.7
        D:8 |    1338 |       0 |   0.0 |      33 |       0 |   0.0
        D:9 |    1992 |     966 |  32.7 |      24 |       4 |  14.3
       D:10 |    2954 |     891 |  23.2 |      36 |       4 |  10.0
       D:11 |    3249 |       0 |   0.0 |      38 |       0 |   0.0
       D:12 |     813 |     475 |  36.9 |       5 |       3 |  37.5
            +---------+---------+-------+---------+---------+-------
